 Dungeon Crawl Stone Soup version 0.29.1-2-gbd0b4ee654 (webtiles) character file.

Game seed: 14296795213952222452

38 RascalDebosk the Magician (level 3, -1/25 HPs)
             Began as a Djinni Conjurer on Oct 28, 2022.
             Slain by a hobgoblin (4 damage)
             ... led by Robin
             ... on level 2 of the Dungeon.
             The game lasted 00:10:49 (1309 turns).

RascalDebosk the Magician (Djinni Conjurer)         Turns: 1309, Time: 00:10:49

Health: -1/25      AC:  6    Str:  6    XL:     3   Next: 65%
Gold:   107        EV:  9    Int: 21    God:
                   SH:  0    Dex: 11

rFire   + + .      SeeInvis .   i - +2 war axe (vamp)
rCold   x . .      Faith    .   (no shield)
rNeg    . . .      Spirit   .   h - +0 ring mail
rPois   ∞          Reflect  .   (no helmet)
rElec   .          Harm     .   (no cloak)
rCorr   .          Rampage  .   e - +0 pair of gloves
Will    .....                   (boots unavailable)
Stlth   +.........              (no amulet)
HPRegen 0.08/turn               g - ring of wizardry
MPRegen 0.00/turn               (no ring)

@: flying
A: sickness immunity, fire resistance 2, cold vulnerability 1, float, innate
caster, HP casting, extra vitality 1
a: no special abilities


You were on level 2 of the Dungeon.
You visited 1 branch of the dungeon, and saw 2 of its levels.

You collected 107 gold pieces.

Inventory:

Hand Weapons
 i - a +2 vampiric war axe (weapon)
Armour
 a - a +0 robe
 e - a +0 pair of gloves (worn)
 f - a +0 leather armour
 h - a +0 ring mail (worn)
Jewellery
 g - a ring of wizardry (left hand)
Scrolls
 b - a scroll of identify {unknown}
 c - a scroll of fog {unknown}
Potions
 d - 2 potions of flight {unknown}


   Skills:
 + Level 0.3 Fighting
 + Level 0.2 Armour
 - Level 2.1 Dodging
 - Level 1.5 Stealth
 * Level 4.0 Spellcasting


You couldn't memorise any spells.
You knew the following spells:

 Your Spells              Type           Power      Damage    Failure   Level
a - Magic Dart            Conj           84%        1d7       3%          1
b - Searing Ray           Conj           42%        2d6       6%          2
c - Dazzling Flash        Conj/Hex       42%        N/A       11%         3
d - Fulminant Prism       Conj/Hex       10%        3d9       32%         4
e - Iskenderun's Mystic   Conj/Tloc      21%        2d6       32%         4
f - Foxfire               Conj/Fire      84%        2x1d8     3%          1
Your spell library was empty.

Dungeon Overview and Level Annotations

Branches:
Dungeon (2/15)

Altars:

Annotations:
D:2 Robin


Innate Abilities, Weirdness & Mutations

You are immune to sickness and miasma.
You are immune to poison.
Your flesh is very heat resistant. (rF++)
You are vulnerable to cold. (rC-)
You float through the air rather than walking.
You learn spells naturally, not from books.
Your magical power is your life essence.
You have superior vitality. (+4 MHP)


Message History

The goblin barely misses you.
You hit the goblin.
You feel better.
You kill the goblin!
You hit the hobgoblin.
You feel better.
The goblin unwields a +0 club.
The goblin wields a +0 sling.
The goblin shoots a sling bullet.
The sling bullet hits you but does no damage.
The hobgoblin hits you.
You hear a shout!
You slash the hobgoblin!
You feel better.
You kill the hobgoblin!
The goblin shoots a sling bullet.
The sling bullet hits you but does no damage.
A goblin comes into view. It is wielding a +0 dagger.
You hear a shout!
Aiming: Magic Dart (safe; 4% risk of failure)
Press: ? - help, Q - select action, (/) - cycle Shift-Dir - straight line, f - quokka
Aim: a quokka (100% to hit)
The magic dart hits the quokka.
The quokka is severely wounded.
Aiming: Magic Dart (safe; 4% risk of failure)
Press: ? - help, Q - select action, (/) - cycle Shift-Dir - straight line, f/p - quokka
Aim: a quokka (severely wounded, 100% to hit)
The magic dart hits the quokka.
You kill the quokka!
Aiming: Magic Dart (safe; 4% risk of failure)
Press: ? - help, Q - select action, (/) - cycle Shift-Dir - straight line, f - goblin
Aim: a goblin, wielding a +0 sling (100% to hit)
The magic dart hits the goblin.
The goblin is heavily wounded.
The goblin shoots a sling bullet.
The sling bullet barely misses you.
A hobgoblin comes into view.
Aiming: Magic Dart (safe; 4% risk of failure)
Press: ? - help, Q - select action, (/) - cycle Shift-Dir - straight line, f/p - goblin
Aim: a goblin, wielding a +0 sling (heavily wounded, 100% to hit)
The magic dart hits the goblin.
You kill the goblin!
Aiming: Magic Dart (safe; 4% risk of failure)
Press: ? - help, Q - select action, (/) - cycle Shift-Dir - straight line, f - goblin
Aim: a goblin, wielding a +0 dagger (100% to hit)
The magic dart hits the goblin!
You kill the goblin!
A goblin comes into view. It is wielding a +0 club.
Aiming: Magic Dart (safe; 4% risk of failure)
Press: ? - help, Q - select action, (/) - cycle Shift-Dir - straight line, f - hobgoblin
Aim: a hobgoblin (100% to hit)
The magic dart hits the hobgoblin but does no damage.
A hobgoblin comes into view.
Robin of the Strong Arm comes into view.
They are wielding a +0 trident.
Aiming: Magic Dart (safe; 4% risk of failure)
Press: ? - help, Q - select action, (/) - cycle Shift-Dir - straight line, f/p - hobgoblin
Aim: a hobgoblin (100% to hit)
The magic dart hits the hobgoblin.
You kill the hobgoblin!
Robin throws the goblin at you!
You closely miss the goblin.
The goblin shouts!
The goblin misses you.
Robin roars a battlecry!
The goblins go into a battle-frenzy!
You slash the goblin!
You kill the goblin!
Aiming: Magic Dart (safe; 4% risk of failure)
Press: ? - help, Q - select action, (/) - cycle Shift-Dir - straight line, f - goblin
Aim: a goblin, wielding a +0 club (strong, 100% to hit)
The magic dart hits the goblin!
You kill the goblin!
A goblin comes into view. It is wielding a +0 dagger.
A hobgoblin comes into view.
Aiming: Magic Dart (safe; 3% risk of failure)
Press: ? - help, Q - select action, (/) - cycle Shift-Dir - straight line, f - hobgoblin
Aim: a hobgoblin (strong, 100% to hit)
The magic dart hits the hobgoblin but does no damage.
The goblin shouts!
Aiming: Magic Dart (safe; 3% risk of failure)
Press: ? - help, Q - select action, (/) - cycle Shift-Dir - straight line, f/p - hobgoblin
Aim: a hobgoblin (strong, 100% to hit)
The magic dart hits the hobgoblin.
The hobgoblin is heavily wounded.
The hobgoblin hits you.
* * * LOW HITPOINT WARNING * * *
You barely miss the hobgoblin.
The hobgoblin is heavily wounded.
Robin hits you but does no damage.
The hobgoblin hits you but does no damage.
You hit the hobgoblin.
You feel better.
The hobgoblin is severely wounded.
Robin barely misses you.
Robin says, "My goblins will feast on your bones."
Robin closely misses you. The hobgoblin closely misses you.
You closely miss the hobgoblin.
The hobgoblin is severely wounded.
Robin throws the goblin at you! The goblin hits you with a +0 dagger.
* * * LOW HITPOINT WARNING * * *
The hobgoblin hits you.
* * * LOW HITPOINT WARNING * * *
You barely miss the hobgoblin.
The hobgoblin is severely wounded.
You closely miss the goblin. Robin barely misses you.
The goblin hits you but does no damage. The hobgoblin hits you.
You die...

#...# #####...
#...# #... .
####.### #### ..
#....# ... #....#
..). #....# ♣♣
..... ###..#).♣♣
.....g###....PP♣♣
#))g)@g....PP.♣
#...†g...#.P.♣.♣
#........##♣♣♣
##########


You could see Robin, 2 hobgoblins and a goblin (strong).

Vanquished Creatures
  2 giant cockroaches (D:1)
  9 goblins
  4 hobgoblins (D:2)
  3 quokkas
  2 ball pythons (D:1)
  3 bats
  2 frilled lizards (D:2)
  6 kobolds
  3 rats
34 creatures vanquished.

Vanquished Creatures (others)
  A foxfire (D:2)
1 creature vanquished.

Grand Total: 35 creatures vanquished

Notes
Turn   | Place    | Note
-------+----------+-------------------------------------------
     0 | D:1      | RascalDebosk the Djinni Conjurer began the quest for the
                  | Orb.
     0 | D:1      | RascalDebosk set off with the following spells memorised:
                  | Magic Dart, Searing Ray, Dazzling Flash, Fulminant Prism,
                  | Iskenderun's Mystic Blast.
     0 | D:1      | Reached XP level 1. HP: 15/15 MP: 0/0
   370 | D:1      | Reached XP level 2. HP: 11/21 MP: 0/0
  1091 | D:2      | Reached XP level 3. HP: 24/25 MP: 0/0
  1091 | D:2      | Learned a level 1 spell: Foxfire
  1290 | D:2      | Reached skill level 4 in Spellcasting
  1299 | D:2      | Noticed Robin
  1309 | D:2      | Slain by a hobgoblin

Illustrated notes

Levels and vault maps discovered:
D:1:      wander_arrival_desolate, layout_rooms
D:2:      layout_basic, uniq_robin, uniq_terence, uniq_crazy_yiuf_cottage

Skill      XL: |  1  2  3 |
---------------+----------+-----
Spellcasting   | 4 |  4.0
Fighting       | |  0.3
Armour         | |  0.2
Dodging        | |  2.1
Stealth        | |  1.5

Action                   || total
-------------------------++-------
Melee: War axe           ||     8
 Cast: Magic Dart        ||    64
       Foxfire           ||     1
Armor: Ring mail         ||     6
Dodge: Dodged            ||    15
